 Dungeon Crawl Stone Soup version 0.26-a0-67-g850bfe61e3 (webtiles) character file.

Game seed: 8343637710365917543

969 Froggeryz the Cleaver (level 7, 0/61 HPs)
             Began as a Deep Dwarf Abyssal Knight on June 12, 2020.
             Was a Priest of Lugonu.
             Killed from afar by an orc wizard (3 damage)
             ... with a puff of frost
             ... on level 5 of the Dungeon.
             The game lasted 00:07:18 (3402 turns).

Froggeryz the Cleaver (Deep Dwarf Abyssal Knight)   Turns: 3402, Time: 00:07:19

Health: 0/61       AC: 16    Str: 23    XL:     7   Next: 94%
Magic:  7/7        EV:  8    Int: 13    God:    Lugonu [***...]
Gold:   234        SH:  0    Dex: 12    Spells: 4/6 levels left

rFire    . . .     SeeInvis .   d - +0 war axe
rCold    . . .     Gourm    .   (no shield)
rNeg     . . .     Faith    .   h - +0 chain mail
rPois    .         Spirit   .   r - +0 helmet
rElec    .         Reflect  .   (no cloak)
rCorr    .         Harm     .   p - +2 pair of gloves
MR       +....                  f - +0 pair of boots
Stlth    ..........             (no amulet)
HPRegen  0.00/turn              i - +6 ring of strength
MPRegen  0.10/turn              (no ring)

@: non-regenerating
A: damage resistance, heal wounds, molten scales 1, sense surroundings 1,
MP-powered wands, no regeneration
a: Heal Wounds, Depart the Abyss, Bend Space, Banish, Renounce Religion


You were on level 5 of the Dungeon.
You worshipped Lugonu.
Lugonu was most pleased with you.
You were not hungry.

You visited 1 branch of the dungeon, and saw 5 of its levels.
You visited the Abyss 1 time.

You collected 234 gold pieces.

Inventory:

Hand Weapons
 d - a +0 war axe (weapon)
Missiles
 e - 5 silver boomerangs (quivered)
Armour
 f - a +0 pair of boots (worn)
 h - a +0 chain mail (worn)
 p - a +2 pair of gloves (worn)
 r - a +0 helmet (worn)
Jewellery
 i - a +6 ring of strength (left hand)
Wands
 b - a wand of disintegration (13)
Scrolls
 g - 2 scrolls of noise
 k - 2 scrolls of fear
 l - 8 scrolls of identify
 n - 4 scrolls of teleportation
Potions
 j - a potion of haste
 q - a potion of curing
Comestibles
 a - a chunk of flesh
 c - 6 rations


   Skills:
 - Level 2.6 Fighting
 * Level 10.2 Axes
 - Level 2.1 Armour
 - Level 1.1 Dodging
 - Level 2.4 Invocations


You had 4 spell levels left.
You knew the following spells:

 Your Spells              Type           Power        Failure   Level  Hunger
a - Blink                 Tloc           N/A          98%         2    ###....

Your spell library contained the following spells:

 Spells                   Type           Power        Failure   Level  Hunger
 Magic Dart               Conj           #...         95%         1    ##.....
 Call Imp                 Summ           #.......     98%         2    ###....
 Slow                     Hex            #.......     98%         2    ###....
 Conjure Flame            Conj/Fire      #.......     100%        3    ####...
 Mephitic Cloud           Conj/Pois/Air  #.......     100%        3    ####...


Dungeon Overview and Level Annotations

Branches:
Dungeon (5/15)             Temple (0/1) D:5

Altars:
Ashenzari
Cheibriados
Gozag
Makhleb
Nemelex Xobeh
Qazlal
Uskayaw
Wu Jian
Xom
Yredelemnul
The Shining One

Shops:
D:5 %


Innate Abilities, Weirdness & Mutations

You are resistant to damage.
You can heal yourself by infusing magical energy.
You passively map a small area around you.
You do not regenerate.
You are partially covered in molten scales. (AC +2)
You expend magic power (3 MP) to strengthen your wands.


Message History

You closely miss the orc wizard.
The orc wizard is almost dead.
The orc wizard casts a spell at you. The puff of frost hits you!
* * * LOW HITPOINT WARNING * * *
You barely miss the orc wizard.
The orc wizard is almost dead.
You barely miss the orc wizard. The orc wizard casts a spell at you.
The puff of frost hits you but does no damage.
The orc wizard gestures wildly while chanting.
The orc wizard seems to speed up.
You hit the orc wizard.
The orc wizard is lightly wounded.
Your chain mail prevents you from hitting the orc wizard.
The orc wizard gestures at you while chanting.
You resist with almost no effort. The orc wizard casts a spell at you.
The puff of frost hits you.
You die...

....##.........###.≈≈≈
.####...###...........
.####.#.##..........#
....†......##.......#,,,
, .##.##.##[........#, *
* .#...(....###.....# ,
, [..#.###### #.....# *
, , .....# #<.####
..#### ##..@o#### ### *
**** ####o...#* , # * ,
...$.o.###.#* * #
,.......* ,!. * #
.....o. *** . # *
,....... ,, , # ...§...*
# #######* # * ,


You could see 2 orc wizards.

Vanquished Creatures
  A hippogriff (D:5)
  A sky beast (D:5)
  A phantom (D:5)
  A bullfrog (D:4)
  A scorpion (D:2)
  2 crimson imps
  2 orc priests (D:4)
  4 orc wizards
  A bullfrog skeleton (D:5)
  A worker ant (D:5)
  9 adders
  A howler monkey skeleton (D:5)
  A gnoll (D:1)
  2 oozes
  2 worms
  2 dart slugs (D:1)
  3 leopard geckos
  9 orcs
  3 giant cockroaches
  3 goblins (D:1)
  5 hobgoblins (D:1)
  3 jackals (D:2)
  7 kobolds
  A quokka (D:5)
  A ball python (D:4)
  6 bats
  2 frilled lizards (D:1)
  2 gnoll zombies (D:3)
  A jackal skeleton (D:4)
  A quokka zombie (D:5)
  11 rats
90 creatures vanquished.

Notes
Turn   | Place    | Note
-------+----------+-------------------------------------------
     0 | Abyss:1  | Froggeryz the Deep Dwarf Abyssal Knight began the quest for
                  | the Orb.
     0 | Abyss:1  | Reached XP level 1. HP: 20/20 MP: 2/2
     9 | Abyss:1  | Found a shimmering altar of Xom.
    47 | Abyss:1  | Noticed a worldbinder
    49 | Abyss:1  | Noticed a black mamba
    50 | Abyss:1  | Noticed a naga
    50 | Abyss:1  | Noticed a black mamba
    52 | Abyss:1  | Noticed a small abomination
    53 | D:1      | Escaped the Abyss
   162 | D:1      | Reached skill level 3 in Axes
   185 | D:1      | Reached XP level 2. HP: 21/27 MP: 3/3
   242 | D:1      | Reached * piety under Lugonu
   478 | D:1      | Reached XP level 3. HP: 5/33 MP: 4/4
   509 | D:1      | Reached skill level 4 in Axes
   850 | D:2      | Reached XP level 4. HP: 12/40 MP: 5/5
   926 | D:2      | Reached ** piety under Lugonu
   926 | D:2      | Reached skill level 5 in Axes
  1218 | D:2      | Found an opulent altar of Gozag.
  1411 | D:2      | Reached XP level 5. HP: 30/46 MP: 6/6
  1613 | D:3      | Found a basalt altar of Yredelemnul.
  1734 | D:3      | Reached skill level 6 in Axes
  1836 | D:3      | Found a snail-covered altar of Cheibriados.
  1839 | D:3      | Found a shattered altar of Ashenzari.
  1853 | D:3      | Found a sparkling altar of Nemelex Xobeh.
  1856 | D:3      | Found a hide-covered altar of Uskayaw.
  1929 | D:3      | Found a shimmering altar of Xom.
  1930 | D:3      | Found a burning altar of Makhleb.
  2344 | D:4      | Reached skill level 7 in Axes
  2344 | D:4      | Reached XP level 6. HP: 40/55 MP: 6/6
  2595 | D:4      | Reached skill level 8 in Axes
  3011 | D:4      | Found a stormy altar of Qazlal.
  3013 | D:4      | Found a glowing golden altar of the Shining One.
  3014 | D:4      | Found an opulent altar of Gozag.
  3015 | D:4      | Found an ornate altar of the Wu Jian Council.
  3100 | D:5      | Entered Level 5 of the Dungeon
  3183 | D:5      | Reached XP level 7. HP: 23/61 MP: 7/7
  3187 | D:5      | Reached *** piety under Lugonu
  3230 | D:5      | Found Ushrizuu's Food Boutique.
  3245 | D:5      | Learned a level 2 spell: Blink
  3256 | D:5      | Found a staircase to the Ecumenical Temple.
  3271 | D:5      | Reached skill level 9 in Axes
  3291 | D:5      | Gained mutation: You are partially covered in molten
                  | scales. (AC +2) [potion of mutation]
  3291 | D:5      | Gained mutation: You expend magic power (3 MP) to
                  | strengthen your wands. [potion of mutation]
  3363 | D:5      | Noticed a hippogriff
  3375 | D:5      | Killed a hippogriff
  3375 | D:5      | Reached skill level 10 in Axes
  3400 | D:5      | HP: 3/61 [orc wizard/puff of frost (5)]
  3402 | D:5      | Killed from afar by an orc wizard

Illustrated notes

Levels and vault maps discovered:
D:1:      dpeg_arrival_shelter, layout_loops_ring, st_stairs_7
D:2:      layout_loops_corners, grunt_gozag_statues
D:3:      layout_basic, grunt_temple_overflow_champion_of_chaos,
          grunt_temple_overflow_cloverleaf, lemuel_zombie_altar_yredelemnul,
          first_ration
D:4:      layout_cave_pods, minitemple, chequers_serial_rivers_micro_c,
          hangedman_decor_growths
D:5:      layout_rooms, minmay_temple_entry_grid, serial_shops,
          nicolae_shop_stone, gammafunk_ghost_gnarly_gnolls

Skill      XL: |  1  2  3  4  5  6  7 |
---------------+----------------------+-----
Axes           | 3 4 5 7 8 10 | 10.2
Fighting       | |  2.6
Armour         | |  2.1
Dodging        | |  1.1
Invocations    | |  2.4

Action                   |  1- 3 |  4- 6 |  7- 9 || total
-------------------------+-------+-------+-------++-------
Melee: Hand axe          |   127 |   117 |       ||   244
       War axe           |       |    85 |    49 ||   134
Invok: Depart the Abyss  |     1 |       |       ||     1
 Abil: Heal Wounds       |     1 |     2 |     1 ||     4
Evoke: Wand              |       |     1 |       ||     1
  Use: Potion            |       |     3 |     2 ||     5
       Scroll            |       |     7 |       ||     7
 Stab: Invisible         |       |     2 |       ||     2
  Eat: Chunk             |       |     8 |       ||     8
Armor: Leather armour    |    32 |       |       ||    32
       Ring mail         |     4 |    71 |       ||    75
       Chain mail        |       |    40 |    27 ||    67
Dodge: Dodged            |    80 |    91 |    21 ||   192

Table legend:
 A = Non-vault XP
 B = Vault XP
 C = Vault XP percentage of total XP
 D = Non-vault monster count
 E = Vault monster count
 F = Vault count percentage of total count
                 A         B        C        D         E       F
            +---------+---------+-------+---------+---------+-------
      Total |    1331 |      54 |   3.9 |      85 |       5 |   5.6
            +---------+---------+-------+---------+---------+-------
        D:1 |      65 |       2 |   3.0 |      27 |       2 |   6.9
        D:2 |     145 |       0 |   0.0 |      18 |       0 |   0.0
        D:3 |      70 |      52 |  42.6 |      11 |       3 |  21.4
        D:4 |     294 |       0 |   0.0 |      15 |       0 |   0.0
        D:5 |     757 |       0 |   0.0 |      14 |       0 |   0.0
            +---------+---------+-------+---------+---------+-------
